 Dungeon Crawl Stone Soup version 0.27-a0-1290-g15d3ce7508 (webtiles) character file.

Game seed: 153929880925134930

205 Delamore the Skirmisher (level 6, -5/49 HPs)
             Began as a Formicid Fighter on June 15, 2021.
             Was a Believer of the Shining One.
             Slain by a black bear (10 damage)
             ... on level 4 of the Dungeon.
             The game lasted 00:03:03 (3188 turns).

Delamore the Skirmisher (Formicid Fighter)          Turns: 3188, Time: 00:03:03

Health: -5/49      AC:  6    Str: 22    XL:     6   Next: 10%
Magic:  6/6        EV:  8    Int:  8    God:    the Shining One [**....]
Gold:   102        SH: 10    Dex: 10    Spells: 5/5 levels left

rFire    . . .     SeeInvis +   a - +1 trident
rCold    . . .     Faith    .   c - +1 kite shield
rNeg     + . .     Spirit   .   b - +0 scale mail
rPois    .         Reflect  .   (helmet unavailable)
rElec    .         Harm     .   (no cloak)
rCorr    .         Rampage  .   (no gloves)
Will     .....                  (no boots)
Stlth    ..........             (no amulet)
HPRegen  0.16/turn              (no ring)
MPRegen  0.10/turn              (no ring)

@: glowing
A: permanent stasis, dig shafts and tunnels, antennae 3, four strong arms
a: Dig, Shaft Self, Renounce Religion, Divine Shield


You were on level 4 of the Dungeon.
You worshipped the Shining One.
The Shining One was pleased with you.
You visited 1 branch of the dungeon, and saw 4 of its levels.

You collected 102 gold pieces.

Inventory:

Hand Weapons
 a - a +1 trident (weapon)
 g - the +3 Elemental Staff {rElec rF++ rC++ Will++ AC+5}
   (You acquired it on level 2 of the Dungeon)

   It affects your AC (+5).
   It greatly protects you from fire.
   It greatly protects you from cold.
   It insulates you from electricity.
   It greatly increases your willpower.
Missiles
 j - 13 poisoned darts
Armour
 b - a +0 scale mail (worn)
 c - a +1 kite shield (worn)
Scrolls
 e - 2 scrolls of identify
 h - a scroll of amnesia {unknown}
Potions
 d - a potion of might
 f - a potion of lignification
 i - a potion of invisibility


   Skills:
 + Level 4.7 Fighting
 - Level 4.0(4.4) Polearms
 * Level 2.4(3.6) Staves
 - Level 3.2 Armour
 - Level 3.6 Shields


You had 5 spell levels left.
You didn't know any spells.
Your spell library contained the following spells:

 Spells                   Type           Power      Damage    Failure   Level
 Confusing Touch          Hex            0%         N/A       100%        3
 Gell's Gravitas          Tloc           0%         N/A       100%        3
 Petrify                  Tmut/Erth      0%         N/A       100%        4
 Metabolic Englaciation   Hex/Ice        0%         N/A       100%        5
 Yara's Violent Unravell  Hex/Tmut       0%         3d3       100%        5


Dungeon Overview and Level Annotations

Branches:
Dungeon (4/15)
 Temple: D:4-7

Altars:
Ashenzari
Okawaru
Qazlal
Trog
Vehumet
The Shining One


Innate Abilities, Weirdness & Mutations

You cannot be hasted, slowed, berserked, paralysed or teleported.
You can dig through walls and to a lower floor.
You have a pair of large antennae on your head. (SInv)
Your four strong arms can wield two-handed weapons with a shield.


Message History

You are too injured to fight recklessly!
You are too injured to fight recklessly!
You are too injured to fight recklessly!
You are too injured to fight recklessly!
You are too injured to fight recklessly!
You are too injured to fight recklessly!
You are too injured to fight recklessly!
You are too injured to fight recklessly!
You are too injured to fight recklessly!
You are too injured to fight recklessly!
You are too injured to fight recklessly!
You are too injured to fight recklessly!
You hit the black bear but do no damage.
The black bear is almost dead.
The black bear bites you but does no damage.
The black bear barely misses you. The black bear claws you.
You block the black bear's attack.
The black bear claws you but does no damage.
You block the black bear's attack.
You hit the black bear.
The black bear is almost dead.
The black bear bites you but does no damage.
You block the black bear's attack. x2
The black bear bites you but does no damage.
The black bear claws you but does no damage.
The black bear claws you.
* * * LOW HITPOINT WARNING * * *
The black bear rages.
You hear a shout!
You hit the black bear.
The black bear is almost dead.
The black bear bites you.
* * * LOW HITPOINT WARNING * * *
The black bear claws you.
* * * LOW HITPOINT WARNING * * *
The black bear claws you.
* * * LOW HITPOINT WARNING * * *
A gnoll comes into view. It is wielding a +0 whip.
The black bear bites you!
You die...

##.# ## #..# ### #..{
#.## #.. #.. ## #.#
#.# #.##(# #.# #.#
##.#.. #.# #.#####...#
#.# #.##.##..# {
..########.#......##
.[..............@..#.#
..#####........##h..#
..# #.#####.###..##
.## #.# #...##...# .#
#.# #...##..#.# .# #.#
#...#..##g# .# #.#
##.##..# . . #.. ... .
### ##.# #.


You could see a black bear (berserk) and a gnoll (wandering).

Vanquished Creatures
  An orc priest (D:3)
  An orc wizard (D:3)
  4 adders
  3 gnolls (D:2)
  2 worms (D:2)
  3 dart slugs (D:1)
  3 orcs (D:3)
  7 endoplasms
  2 giant cockroaches (D:1)
  4 goblins
  4 hobgoblins
  8 jackals (D:1)
  4 kobolds
  3 quokkas
  7 ball pythons
  4 bats
  4 frilled lizards
  6 rats
70 creatures vanquished.

Notes
Turn   | Place    | Note
-------+----------+-------------------------------------------
     0 | D:1      | Delamore the Formicid Fighter began the quest for the Orb.
     0 | D:1      | Reached XP level 1. HP: 18/18 MP: 1/1
    46 | D:1      | Reached XP level 2. HP: 6/24 MP: 2/2
   317 | D:1      | Found a faded altar of an unknown god.
   321 | D:1      | Became a worshipper of the Shining One
   321 | D:1      | Reached * piety under the Shining One
   458 | D:1      | Reached XP level 3. HP: 29/29 MP: 3/3
  1061 | D:2      | Found a radiant altar of Vehumet.
  1091 | D:2      | Reached XP level 4. HP: 22/37 MP: 4/4
  1415 | D:2      | Reached ** piety under the Shining One
  2020 | D:2      | Identified a scroll of acquirement
  2020 | D:2      | Acquired the +3 Elemental Staff {rElec rF++ rC++ Will++
                  | AC+5}
  2021 | D:2      | Found the +3 Elemental Staff {rElec rF++ rC++ Will++ AC+5}
  2181 | D:3      | Reached XP level 5. HP: 42/42 MP: 5/5
  2193 | D:3      | Reached skill level 1 in Staves
  2242 | D:3      | Found a broken altar of Ashenzari.
  2263 | D:3      | Found an iron altar of Okawaru.
  2263 | D:3      | Found a bloodstained altar of Trog.
  2374 | D:3      | HP: 1/43 [orc priest/divine providence (16)]
  2643 | D:3      | Reached XP level 6. HP: 29/49 MP: 6/6
  3046 | D:3      | Found a stormy altar of Qazlal.
  3176 | D:4      | Noticed a black bear
  3188 | D:4      | Slain by a black bear

Illustrated notes

Levels and vault maps discovered:
D:1:      lemuel_arrival_tunnels, layout_basic, serial_glass, glass_columns_a,
          glass_columns_b, glass_columns_a, glass_columns_a, glass_columns_b,
          glass_columns_a, glass_columns_a, glass_columns_b,
          shapermc_ecumenical_altar_venn
D:2:      layout_loops_cross, basic_altar
D:3:      layout_basic, grunt_temple_overflow_open,
          nicolae_qazlal_eye_of_the_storm, st_stairs_13
D:4:      layout_loops_corners, hangedman_decor_riveting, minmay_ruptured

Skill      XL: |  1  2  3  4  5 |
---------------+----------------+-----
Polearms       | 3 4 |  4.0
Fighting       | 4 |  4.7
Staves         | 2 |  2.4
Armour         | |  3.2
Shields        | |  3.6

Action                   |  1- 3 |  4- 6 || total
-------------------------+-------+-------++-------
Melee: Trident           |    90 |   104 ||   194
 Abil: Dig               |     1 |     6 ||     7
  Use: Scroll            |     1 |     5 ||     6
       Potion            |       |     1 ||     1
Armor: Scale mail        |    43 |    30 ||    73
Dodge: Dodged            |    47 |    24 ||    71
Block: Kite shield       |    59 |    46 ||   105

Table legend: (Time is in decaauts)
 A = Elapsed time spent in this place.
 B = Non-inter-level travel time spent in this place.
 C = Inter-level travel time spent in this place.
 D = Time resting spent in this place.
 E = Time spent auto-exploring this place.
 F = Levels seen in this place.
 G = Mean time per level.
                   A        B        C        D        E       F      G
               +--------+--------+--------+--------+--------+-----+--------+
         Total |   3249 |   3159 |     90 |    641 |   2072 |   4 |  812.2 |
       Dungeon |   3249 |   3159 |     90 |    641 |   2072 |   4 |  812.2 |
               +--------+--------+--------+--------+--------+-----+--------+

Top non-repeatable levels by time:
     D:2: 1068 daAuts
     D:1: 1035 daAuts
     D:3: 801 daAuts
     D:4: 343 daAuts
